A+ EAST
WINSTON-SALEM DASH @ FREDERICK KEYS
05/25/2042
 
TOP OF THE 1ST
Winston-Salem Dash batting - Pitching for Frederick Keys : RHP Ken Dale
Pitching: RHP Ken Dale
Batting: RHB Tim Bentley 0-0: Ball
1-0: Called Strike
1-1: Ball
2-1: Ball
3-1: Swinging Strike
3-2: TRIPLE (Groundball, 3L, EV 95.6 MPH)
Batting: RHB Jeremiah Miller 0-0: Ball
1-0: Foul Ball, location: 7LSF
1-1: Ball
2-1: Foul Ball, location: 7LMF
2-2: 2-RUN HOME RUN (Flyball, 78XD, EV 105.0 MPH), Distance : 408 ft
Batting: LHB Jim Gilbert 0-0: Called Strike
0-1: Ball
1-1: Fly out, F8 (Flyball, 89D, EV 100.0 MPH)
Batting: RHB José Mayor 0-0: Hit by Pitch
Batting: SHB Josh Whitaker 0-0: Called Strike
0-1: Swinging Strike
0-2: Ball
1-2: Ball
2-2: Fielders Choice at 2nd, 3-6 (Groundball, 34, EV 85.0 MPH)
Batting: LHB Len Thompson 0-0: DOUBLE (Line Drive, 7LM, EV 109.4 MPH)
Josh Whitaker to third
Batting: LHB António Rodríguez 0-0: Ball
1-0: Called Strike
1-1: Foul Ball, location: 25F
1-2: Ground out 4-3 (Groundball, 4, EV 105.6 MPH)
Top of the 1st over - 2 runs, 3 hits, 0 errors, 2 left on base; Winston-Salem 2 - Frederick 0
BOTTOM OF THE 1ST
Frederick Keys batting - Pitching for Winston-Salem Dash : RHP Jesús Campos
Pitching: RHP Jesús Campos
Batting: SHB Greg Foster 0-0: Called Strike
0-1: Foul Ball, location: 2F
0-2: Fly out, F9 (Flyball, 9, EV 83.1 MPH)
Batting: RHB Luis Medellín 0-0: Foul Ball, location: 3SF
0-1: Foul Ball, location: 5F
0-2: Strikes out swinging
Batting: RHB Dave Sanderson 0-0: Called Strike
0-1: Ball
1-1: Foul Ball, location: 9LMF
1-2: Foul Ball, location: 9LMF
1-2: Ball
2-2: Foul Ball, location: 2F
2-2: Foul Ball, location: 5FF
2-2: Foul Ball, location: 2F
2-2: Strikes out looking
Bottom of the 1st over - 0 runs, 0 hits, 0 errors, 0 left on base; Winston-Salem 2 - Frederick 0
TOP OF THE 2ND
Winston-Salem Dash batting - Pitching for Frederick Keys : RHP Ken Dale
Batting: RHB Vic Miller 0-0: Ball
1-0: Fly out, F8 (Flyball, 8LM, EV 91.9 MPH)
Batting: SHB Ernesto Contreras 0-0: Called Strike
0-1: Ball
1-1: Ball
2-1: Fly out, F5 (Popup, 5L, EV 56.3 MPH)
Batting: RHB Tim Bentley 0-0: Ball
1-0: Ground out 5-3 (Groundball, 56, EV 92.5 MPH)
Top of the 2nd over - 0 runs, 0 hits, 0 errors, 0 left on base; Winston-Salem 2 - Frederick 0
BOTTOM OF THE 2ND
Frederick Keys batting - Pitching for Winston-Salem Dash : RHP Jesús Campos
Batting: RHB Ian Harris 0-0: Fly out, F9 (Line Drive, 9, EV 100.6 MPH)
Batting: LHB Lonnie Paredes 0-0: Ball
1-0: Ball
2-0: Swinging Strike
2-1: Swinging Strike
2-2: Strikes out swinging
Batting: RHB Chris Ferguson 0-0: DOUBLE (Line Drive, 7LS, EV 108.8 MPH)
Batting: RHB Quentin Nixon 0-0: Ball
1-0: Ball
2-0: Called Strike
2-1: Swinging Strike
2-2: Strikes out looking
Bottom of the 2nd over - 0 runs, 1 hit, 0 errors, 1 left on base; Winston-Salem 2 - Frederick 0
TOP OF THE 3RD
Winston-Salem Dash batting - Pitching for Frederick Keys : RHP Ken Dale
Batting: RHB Jeremiah Miller 0-0: Ball
1-0: Ball
2-0: Swinging Strike
2-1: Ball
3-1: SINGLE (Line Drive, 9S, EV 96.3 MPH)
Batting: LHB Jim Gilbert 0-0: Called Strike
Jeremiah Miller is caught stealing 2nd base 2-6
0-1: Ball
1-1: Ball
2-1: Ball
3-1: Called Strike
3-2: DOUBLE (Flyball, 8LXD, EV 100.0 MPH)
Batting: RHB José Mayor 0-0: SINGLE (Line Drive, 8RS, EV 99.4 MPH)
Jim Gilbert to third
Batting: SHB Josh Whitaker 0-0: Ball
1-0: Fielders Choice at 2nd, 3-6 (Groundball, 34, EV 91.9 MPH)
Jim Gilbert scores
Batting: LHB Len Thompson 0-0: Ball
1-0: Called Strike
1-1: SINGLE (Groundball, 5S, EV 63.1 MPH) (infield hit)
Josh Whitaker to second
Batting: LHB António Rodríguez 0-0: Called Strike
0-1: Foul Ball, location: 2F
0-2: Ball
1-2: Fly out, F9 (Flyball, 9LS, EV 93.1 MPH)
Top of the 3rd over - 1 run, 4 hits, 0 errors, 2 left on base; Winston-Salem 3 - Frederick 0
BOTTOM OF THE 3RD
Frederick Keys batting - Pitching for Winston-Salem Dash : RHP Jesús Campos
Batting: LHB A.R. Higgins 0-0: Ground out U3 (Groundball, 34, EV 90.0 MPH)
Batting: RHB Dave Hayes 0-0: Called Strike
0-1: Foul Ball, location: 9LMF
0-2: Foul Ball, location: 2F
0-2: Ball
1-2: Foul Ball, location: 9LMF
1-2: Ball
2-2: Ball
3-2: Foul Ball, location: 25F
3-2: Foul Ball, location: 9LSF
3-2: Foul Ball, location: 9LMF
3-2: Strikes out looking
Batting: SHB Greg Foster 0-0: Called Strike
0-1: Foul Ball, location: 7LSF
0-2: Ball
1-2: Strikes out swinging
Bottom of the 3rd over - 0 runs, 0 hits, 0 errors, 0 left on base; Winston-Salem 3 - Frederick 0
TOP OF THE 4TH
Winston-Salem Dash batting - Pitching for Frederick Keys : RHP Ken Dale
Batting: RHB Vic Miller 0-0: Ball
1-0: Ball
2-0: Called Strike
2-1: Swinging Strike
2-2: Foul Ball, location: 2F
2-2: Foul Ball, location: 2LF
2-2: Ground out 5-3 (Groundball, 56, EV 85.6 MPH)
Batting: SHB Ernesto Contreras 0-0: Ball
1-0: Ball
2-0: Ball
3-0: Called Strike
3-1: Foul Ball, location: 5SF
3-2: Fly out, F7 (Flyball, 7, EV 78.8 MPH)
Batting: RHB Tim Bentley 0-0: Called Strike
0-1: Called Strike
0-2: Ball
1-2: Foul Ball, location: 9LMF
1-2: Ball
2-2: Foul Ball, location: 2LF
2-2: DOUBLE (Line Drive, 8LXD, EV 105.6 MPH)
Pitching: RHP Jim Thompson
Batting: RHB Jeremiah Miller 0-0: Ball
1-0: Called Strike
1-1: Swinging Strike
1-2: Ball
2-2: Ball
3-2: Foul Ball, location: 7LSFF
3-2: Foul Ball, location: 7LSFF
3-2: Base on Balls
Batting: LHB Jim Gilbert 0-0: Called Strike
0-1: Ball
1-1: SINGLE (Line Drive, 78S, EV 86.9 MPH)
Tim Bentley to third
Jeremiah Miller to second
Runner from 3rd tries for Home, SAFE, throw by LF to home
Jeremiah Miller to third
Jim Gilbert to second
Batting: RHB José Mayor 0-0: Swinging Strike
0-1: Ball
1-1: Foul Ball, location: 5SF
1-2: Foul Ball, location: 2F
1-2: Ball
2-2: DOUBLE (Flyball, 89XD, EV 111.3 MPH)
Jeremiah Miller scores
Jim Gilbert scores
Batting: SHB Josh Whitaker 0-0: TRIPLE (Line Drive, 78XD, EV 105.0 MPH)
José Mayor scores
Batting: LHB Len Thompson 0-0: Called Strike
0-1: Ball
1-1: Foul Ball, location: 2F
1-2: Strikes out swinging
Top of the 4th over - 4 runs, 4 hits, 0 errors, 1 left on base; Winston-Salem 7 - Frederick 0
BOTTOM OF THE 4TH
Frederick Keys batting - Pitching for Winston-Salem Dash : RHP Jesús Campos
Batting: RHB Luis Medellín 0-0: Foul Ball, location: 23FF
0-1: Ground out 5-3 (Groundball, 56, EV 86.9 MPH)
Batting: RHB Dave Sanderson 0-0: Ball
1-0: Called Strike
1-1: Ball
2-1: SINGLE (Line Drive, 7LM, EV 102.5 MPH)
Batting: RHB Ian Harris 0-0: Swinging Strike
0-1: Called Strike
0-2: Foul Ball, location: 2F
0-2: Grounds into double play, 6-4-3 (Groundball, 56, EV 110.0 MPH)
Bottom of the 4th over - 0 runs, 1 hit, 0 errors, 0 left on base; Winston-Salem 7 - Frederick 0
TOP OF THE 5TH
Winston-Salem Dash batting - Pitching for Frederick Keys : RHP Jim Thompson
Batting: LHB António Rodríguez 0-0: Foul Ball, location: 2F
0-1: Ball
1-1: Called Strike
1-2: Strikes out swinging
Batting: RHB Vic Miller 0-0: Ball
1-0: Ball
2-0: Foul Ball, location: 9LMF
2-1: Foul Ball, location: 9LSF
2-2: Foul Ball, location: 9LDF
2-2: Strikes out swinging
Batting: SHB Ernesto Contreras 0-0: Ball
1-0: Ball
2-0: Swinging Strike
2-1: Called Strike
2-2: Strikes out swinging
Top of the 5th over - 0 runs, 0 hits, 0 errors, 0 left on base; Winston-Salem 7 - Frederick 0
BOTTOM OF THE 5TH
Frederick Keys batting - Pitching for Winston-Salem Dash : RHP Jesús Campos
Batting: LHB Lonnie Paredes 0-0: Called Strike
0-1: Ball
1-1: Ball
2-1: Foul Ball, location: 2F
2-2: Strikes out swinging
Batting: RHB Chris Ferguson 0-0: Called Strike
0-1: Ball
1-1: Ball
2-1: Called Strike
2-2: Foul Ball, location: 2F
2-2: Strikes out looking
Batting: RHB Quentin Nixon 0-0: DOUBLE (Line Drive, 3D, EV 99.4 MPH)
Batting: LHB A.R. Higgins 0-0: Ball
1-0: Swinging Strike
1-1: Called Strike
1-2: Foul Ball, location: 2LF, Error on foul ball, E2
1-2: Foul Ball, location: 5FF
1-2: SINGLE (Groundball, 34S, EV 73.8 MPH) (infield hit)
Quentin Nixon to third
Batting: RHB Dave Hayes 0-0: Ball
1-0: Called Strike
1-1: Ball
2-1: Foul Ball, location: 5FF
2-2: Foul Ball, location: 5SF
2-2: Foul Ball, location: 5F
2-2: Strikes out swinging
Bottom of the 5th over - 0 runs, 2 hits, 1 error, 2 left on base; Winston-Salem 7 - Frederick 0
TOP OF THE 6TH
Winston-Salem Dash batting - Pitching for Frederick Keys : RHP Jim Thompson
Batting: RHB Tim Bentley 0-0: Ball
1-0: Foul Ball, location: 23F
1-1: SOLO HOME RUN (Flyball, 89XD, EV 104.4 MPH), Distance : 429 ft
Batting: RHB Jeremiah Miller 0-0: Hit by Pitch
Batting: LHB Jim Gilbert 0-0: Called Strike
0-1: Called Strike
0-2: Ball
1-2: Ball
2-2: Fly out, F7 (Flyball, 7S, EV 90.6 MPH)
Batting: RHB José Mayor 0-0: Called Strike
0-1: Ball
1-1: Swinging Strike
1-2: Grounds into double play, 6-4-3 (Groundball, 6, EV 81.3 MPH)
Top of the 6th over - 1 run, 1 hit, 0 errors, 0 left on base; Winston-Salem 8 - Frederick 0
BOTTOM OF THE 6TH
Frederick Keys batting - Pitching for Winston-Salem Dash : RHP Jesús Campos
Batting: SHB Greg Foster 0-0: Swinging Strike
0-1: Foul Ball, location: 2F
0-2: Strikes out swinging
Batting: RHB Luis Medellín 0-0: Ball
1-0: Fly out, F7 (Flyball, 78D, EV 108.8 MPH)
Batting: RHB Dave Sanderson 0-0: Ball
1-0: SOLO HOME RUN (Flyball, 7D, EV 98.1 MPH), Distance : 363 ft
Batting: RHB Ian Harris 0-0: Ball
1-0: Swinging Strike
1-1: Swinging Strike
1-2: Ball
2-2: SINGLE (Line Drive, 8LS, EV 90.6 MPH)
Batting: LHB Lonnie Paredes 0-0: Ball
1-0: Ball
2-0: Ball
3-0: Base on Balls
Ian Harris to second
Batting: RHB Chris Ferguson 0-0: Ball
1-0: Called Strike
1-1: Swinging Strike
1-2: Hit by Pitch
Ian Harris to third
Lonnie Paredes to second
Batting: RHB Quentin Nixon 0-0: Called Strike
0-1: Ball
1-1: Foul Ball, location: 2F
1-2: Foul Ball, location: 5SF
1-2: Fly out, F7 (Flyball, 7D, EV 103.1 MPH)
Bottom of the 6th over - 1 run, 2 hits, 0 errors, 3 left on base; Winston-Salem 8 - Frederick 1
TOP OF THE 7TH
Winston-Salem Dash batting - Pitching for Frederick Keys : RHP Jim Thompson
Pinch Hitting: RHB Adrián Rodríguez 0-0: Called Strike
0-1: Ball
1-1: Swinging Strike
1-2: Strikes out swinging
Pinch Hitting: LHB Dan Carter 0-0: Ball
1-0: Ground out 4-3 (Groundball, 4, EV 100.0 MPH)
Pinch Hitting: SHB Valter Corinha 0-0: Ball
1-0: Foul Ball, location: 23F
1-1: Foul Ball, location: 3SF
1-2: Strikes out swinging, 2-3 out at first.
Top of the 7th over - 0 runs, 0 hits, 0 errors, 0 left on base; Winston-Salem 8 - Frederick 1
BOTTOM OF THE 7TH
Frederick Keys batting - Pitching for Winston-Salem Dash : RHP Jesús Campos
Now at 2B: Valter Corinha
Now at SS: Adrián Rodríguez
Now in LF: Dan Carter
Batting: LHB A.R. Higgins 0-0: Foul Ball, location: 2LF
0-1: Ball
1-1: Ball
2-1: Foul Ball, location: 2F
2-2: Strikes out swinging
Batting: RHB Dave Hayes 0-0: Swinging Strike
0-1: Foul Ball, location: 5F
0-2: Ball
1-2: Ball
2-2: Foul Ball, location: 5FF
2-2: Ball
3-2: Base on Balls
Pitching: RHP Héctor Flores
Batting: SHB Greg Foster 0-0: Called Strike
0-1: Ball
1-1: Foul Ball, location: 2F
1-2: Ball
2-2: Ball
3-2: Strikes out looking
Pinch Hitting: RHB Ken Cole 0-0: Ball
1-0: Ball
2-0: Called Strike
2-1: Foul Ball, location: 3DF
2-2: Strikes out swinging
Bottom of the 7th over - 0 runs, 0 hits, 0 errors, 1 left on base; Winston-Salem 8 - Frederick 1
TOP OF THE 8TH
Winston-Salem Dash batting - Pitching for Frederick Keys : RHP Jim Thompson
Now in LF: Ken Cole
Batting: RHB Vic Miller 0-0: Ball
1-0: SINGLE (Groundball, 34D, EV 107.5 MPH)
Batting: SHB Ernesto Contreras 0-0: Ball
1-0: Ball
2-0: Foul Ball, location: 2F
2-1: Swinging Strike
2-2: Ball
3-2: Strikes out looking
Pitching: RHP Kevin Massey
Batting: RHB Tim Bentley 0-0: Called Strike
0-1: Ball
1-1: Swinging Strike
1-2: Ball
2-2: Foul Ball, location: 2F
2-2: Strikes out looking
Batting: RHB Jeremiah Miller 0-0: Called Strike
0-1: Swinging Strike
0-2: Ball
1-2: Ball
2-2: Foul Ball, location: 2RF
2-2: Ball
3-2: Strikes out looking
Top of the 8th over - 0 runs, 1 hit, 0 errors, 1 left on base; Winston-Salem 8 - Frederick 1
BOTTOM OF THE 8TH
Frederick Keys batting - Pitching for Winston-Salem Dash : RHP Héctor Flores
Pinch Hitting: SHB Luis Mendoza 0-0: Called Strike
0-1: Ball
1-1: Ball
2-1: Called Strike
2-2: Strikes out swinging
Batting: RHB Mike Bean 0-0: Ball
1-0: Ball
2-0: Swinging Strike
2-1: Ball
3-1: Base on Balls
Batting: LHB Lonnie Paredes 0-0: Ball
1-0: Foul Ball, location: 25F
1-1: Ball
2-1: Ball
3-1: Base on Balls
Mike Bean to second
Batting: RHB Chris Ferguson 0-0: Swinging Strike
0-1: Called Strike
0-2: Hit by Pitch
Mike Bean to third
Lonnie Paredes to second
Pinch Hitting: LHB Eli Davis 0-0: Ball
1-0: Foul Ball, location: 2F
1-1: Foul Ball, location: 2F
1-2: Strikes out swinging
Pinch Hitting: RHB Andy Johnson 0-0: Foul Ball, location: 2F
0-1: Ball
1-1: Foul Ball, location: 3F
1-2: Ground out 5-3 (Groundball, 56S, EV 73.1 MPH)
Bottom of the 8th over - 0 runs, 0 hits, 0 errors, 3 left on base; Winston-Salem 8 - Frederick 1
TOP OF THE 9TH
Winston-Salem Dash batting - Pitching for Frederick Keys : RHP Kevin Massey
Now at 1B: Andy Johnson
Now at 2B: Lonnie Paredes
Now at 3B: Luis Mendoza
Now at SS: Raúl Lugo
Batting: LHB Jim Gilbert 0-0: Ground out U3 (Groundball, 34, EV 83.8 MPH)
Batting: RHB José Mayor 0-0: Called Strike
0-1: Ball
1-1: Ball
2-1: Foul Ball, location: 2F
2-2: Ball
3-2: Foul Ball, location: 9LMF
3-2: Ground out U3 (Groundball, 3, EV 85.0 MPH)
Batting: RHB Adrián Rodríguez 0-0: Ball
1-0: Ball
2-0: Fly out, F8 (Flyball, 8LS, EV 93.1 MPH)
Top of the 9th over - 0 runs, 0 hits, 0 errors, 0 left on base; Winston-Salem 8 - Frederick 1
BOTTOM OF THE 9TH
Frederick Keys batting - Pitching for Winston-Salem Dash : RHP Héctor Flores
Pinch Hitting: LHB Rob Sackett 0-0: DOUBLE (Line Drive, 89D, EV 98.8 MPH)
Batting: SHB Greg Foster 0-0: Ball
1-0: SINGLE (Groundball, P, EV 82.5 MPH) (infield hit)
Rob Sackett to third
Batting: RHB Ken Cole 0-0: Called Strike
0-1: Ball
1-1: Ball
2-1: TRIPLE (Flyball, 89XD, EV 98.8 MPH)
Rob Sackett scores
Greg Foster scores
Batting: SHB Luis Mendoza 0-0: Ball
1-0: Called Strike
1-1: Swinging Strike
1-2: Ball
2-2: Ball
3-2: Strikes out swinging
Batting: RHB Mike Bean 0-0: Ball
1-0: Ball
2-0: Foul Ball, location: 5FF
2-1: Ball
3-1: Ground out 4-3 (Groundball, 4, EV 76.9 MPH)
Ken Cole scores
Batting: LHB Lonnie Paredes 0-0: Ball
1-0: Ball
2-0: Ball
3-0: Called Strike
3-1: Foul Ball, location: 25FF
3-2: Base on Balls
Pitching: RHP Dan Elkins
Batting: RHB Chris Ferguson 0-0: Called Strike
0-1: Ball
1-1: Ball
2-1: Foul Ball, location: 23FF
2-2: Ball
3-2: SINGLE (Line Drive, 7S, EV 93.8 MPH)
Lonnie Paredes to second
Lonnie Paredes to third
Pitching: RHP Chet Hansen
Batting: RHB Raúl Lugo 0-0: Ball
1-0: Swinging Strike
1-1: Foul Ball, location: 9LSF
1-2: Strikes out looking
Bottom of the 9th over - 3 runs, 4 hits, 0 errors, 2 left on base; Winston-Salem 8 - Frederick 4
Friday, May 3rd , 2024 - OOTP Baseball 24.10 Build 82